 Dungeon Crawl Stone Soup version 0.25-a0-942-g87a53962fc (webtiles) character file.

Game seed: 13627761821722021244, levelgen mode: deterministic

252 Hasart the Chiller (level 5, -7/28 HPs)
             Began as a Deep Elf Ice Elementalist on May 6, 2020.
             Was an Initiate of Vehumet.
             Mangled by a centaur
             ... wielding a cursed -1 shortbow
              (10 damage)
             ... on level 3 of the Dungeon.
             The game lasted 00:03:20 (2118 turns).

Hasart the Chiller (Deep Elf Ice Elementalist)      Turns: 2118, Time: 00:03:21

Health: -7/28      AC:  5    Str:  5    XL:     5   Next: 89%
Magic:  13/14      EV: 14    Int: 21    God:    Vehumet [......]
Gold:   83         SH:  0    Dex: 15    Spells: 1/13 levels left

rFire    . . .     SeeInvis .   b - +0 dagger
rCold    . . .     Gourm    .   (no shield)
rNeg     . . .     Faith    .   a - +0 robe
rPois    .         Spirit   .   (no helmet)
rElec    .         Reflect  .   k - +1 cloak
rCorr    +         Harm     .   (no gloves)
MR       .....                  h - +0 pair of boots
Stlth    ++........             (no amulet)
HPRegen  0.09/turn              q - ring of resist corrosion
MPRegen  0.14/turn              (no ring)

@: no status effects
A: no striking features
a: Renounce Religion


You were on level 3 of the Dungeon.
You worshipped Vehumet.
Vehumet was noncommittal.
You were not hungry.

You visited 1 branch of the dungeon, and saw 3 of its levels.

You collected 83 gold pieces.

Inventory:

Hand Weapons
 b - a +0 dagger (weapon)
Armour
 a - a +0 robe (worn)
 h - a +0 pair of boots (worn)
 k - a +1 cloak (worn)
Jewellery
 q - a ring of resist corrosion (left hand)
Scrolls
 e - a scroll of fear {unknown}
 f - 2 scrolls of enchant armour {unknown}
 g - a scroll of noise {unknown}
 i - a scroll of identify {unknown}
 l - a scroll of teleportation {unknown}
Potions
 d - a potion of might {unknown}
 j - a potion of heal wounds {unknown}
 m - 2 potions of haste {unknown}
 n - a potion of ambrosia {unknown}
 p - a potion of degeneration {unknown}
Comestibles
 c - 5 rations
 o - a chunk of flesh


   Skills:
 + Level 4.2 Dodging
 - Level 2.4 Stealth
 + Level 4.8 Spellcasting
 + Level 0.0 Conjurations
 + Level 0.0 Summonings
 * Level 6.4 Ice Magic


You had one spell level left.
You knew the following spells:

 Your Spells              Type           Power        Failure   Level  Hunger
a - Freeze                Ice            ####         1%          1    None
b - Frozen Ramparts       Ice            ####..       2%          3    ##.....
c - Summon Ice Beast      Ice/Summ       ###.....     28%         4    ####...
d - Hailstorm             Conj/Ice       ###.....     28%         4    ####...

Your spell library contained the following spells:

 Spells                   Type           Power        Failure   Level  Hunger
 Ozocubu's Armour         Chrm/Ice       ###.....     9%          3    ##.....


Dungeon Overview and Level Annotations

Branches:
Dungeon (3/15)

Altars:
Cheibriados
Nemelex Xobeh
Okawaru
Vehumet


Message History

An adder comes into view.
The centaur unwields a +0 long sword.
The centaur wields a cursed -1 shortbow.
The centaur shoots an arrow.
The arrow barely misses you.
The adder hisses angrily.
The centaur shoots an arrow.
The arrow hits you!
The centaur shoots an arrow.
The arrow hits you!
You see here 2 arrows.
The centaur hits you with a cursed -1 shortbow!
* * * LOW HITPOINT WARNING * * *
Unknown command.
Casting: Freeze (safe; 1% risk of failure)
Confirm with . or Enter, or press ? or * to list all spells.
Aiming: Freeze (safe; 1% risk of failure)
Press: ? - help, Shift-Dir - straight line, f - centaur
Aim: a centaur, wielding a -1 shortbow and quivering 9 arrows You freeze the centaur.
The centaur is lightly wounded.
The centaur hits you with a cursed -1 shortbow!
You die...

#.. #. #.#
#...#. #.#
### ####.
#...#. #.#
... ......
..>..##.##.#
.....#
#S..(....#
######
#......†.#
#........#
#..?(....#
#.$.@....#
#...c....#
#).......# #
#........# #
#........#
##
.......#.#
.#
........#..
.#
#........#
## .##


You could see a centaur and an adder.

Vanquished Creatures
  Sigmund (D:2)
  Terence (D:3)
  2 adders (D:2)
  2 dart slugs (D:2)
  2 worms
  3 leopard geckos (D:1)
  2 giant cockroaches (D:1)
  3 hobgoblins
  2 jackals (D:1)
  9 kobolds
  A quokka (D:2)
  A ball python (D:2)
  3 bats (D:2)
  A frilled lizard (D:1)
  5 goblins
  5 rats
43 creatures vanquished.

Notes
Turn   | Place    | Note
-------+----------+-------------------------------------------
     0 | D:1      | Hasart the Deep Elf Ice Elementalist began the quest for
                  | the Orb.
     0 | D:1      | Reached XP level 1. HP: 10/10 MP: 6/6
   505 | D:1      | Reached XP level 2. HP: 13/15 MP: 6/8
   976 | D:2      | Reached skill level 5 in Ice Magic
   976 | D:2      | Reached XP level 3. HP: 6/19 MP: 6/10
  1280 | D:2      | Found an iron altar of Okawaru.
  1299 | D:2      | Found a snail-covered altar of Cheibriados.
  1301 | D:2      | Found a sparkling altar of Nemelex Xobeh.
  1698 | D:2      | Learned a level 3 spell: Frozen Ramparts
  1754 | D:2      | Noticed Sigmund
  1766 | D:2      | Killed Sigmund
  1766 | D:2      | Reached skill level 6 in Ice Magic
  1766 | D:2      | Reached XP level 4. HP: 19/24 MP: 3/12
  1766 | D:2      | Reached XP level 5. HP: 22/28 MP: 3/14
  1855 | D:2      | Found a radiant altar of Vehumet.
  1863 | D:2      | Became a worshipper of Vehumet
  1966 | D:3      | Noticed Terence
  1975 | D:3      | Killed Terence
  2030 | D:3      | Learned a level 4 spell: Summon Ice Beast
  2035 | D:3      | Learned a level 4 spell: Hailstorm
  2113 | D:3      | Noticed a centaur
  2118 | D:3      | Mangled by a centaur

Levels and vault maps discovered:
D:1:      nzn_arrival_settlement, layout_basic, skrybe_limestone_x
D:2:      layout_basic, marbit_many_paths, lemuel_coloured_pillars_altar,
          chequers_temple_overflow_statue_of_worship, first_ration,
          minmay_box_of_dots, uniq_sigmund
D:3:      layout_basic, hex_intersection, uniq_ijyb, uniq_terence, uniq_robin,
          uniq_grinder

Skill      XL: |  1  2  3 |
---------------+----------+-----
Dodging        | 3 4 |  4.2
Ice Magic      | 5 6 |  6.4
Spellcasting   | 4 |  4.8
Stealth        | |  2.4

Action                   |  1- 3 |  4- 6 || total
-------------------------+-------+-------++-------
Melee: Unarmed           |     2 |       ||     2
       Dagger            |     1 |     1 ||     2
 Cast: Freeze            |    56 |     6 ||    62
       Frozen Ramparts   |     1 |     1 ||     2
  Eat: Chunk             |     2 |     2 ||     4
Armor: Robe              |    15 |       ||    15
Dodge: Dodged            |    54 |     3 ||    57

Table legend:
 A = Non-vault XP
 B = Vault XP
 C = Vault XP percentage of total XP
 D = Non-vault monster count
 E = Vault monster count
 F = Vault count percentage of total count
                 A         B        C        D         E       F
            +---------+---------+-------+---------+---------+-------
      Total |      98 |     262 |  72.8 |      38 |       5 |  11.6
            +---------+---------+-------+---------+---------+-------
        D:1 |      31 |       0 |   0.0 |      17 |       0 |   0.0
        D:2 |      59 |     226 |  79.3 |      18 |       4 |  18.2
        D:3 |       8 |      36 |  81.8 |       3 |       1 |  25.0
            +---------+---------+-------+---------+---------+-------
